 Dungeon Crawl Stone Soup version 0.30-a0-912-ge10d75a369 (webtiles) character file.

Game seed: 13849354374357264367

49 Aequonox the Firebug (level 3, 0/20 HPs)
             Began as a Gargoyle Fire Elementalist on Mar 19, 2023.
             Slain by Robin
             ... wielding a +0 trident
              (4 damage)
             ... on level 2 of the Dungeon.
             The game lasted 00:03:58 (1207 turns).

Aequonox the Firebug (Gargoyle Fire Elementalist)   Turns: 1207, Time: 00:03:58

Health: 0/20       AC:  6    Str: 11    XL:     3   Next: 77%
Magic:  0/6        EV: 11    Int: 17    God:
Gold:   60         SH:  0    Dex: 10    Spells: 5/6 levels left

rFire   . . .      SeeInvis .    i - +0 mace
rCold   . . .      Faith    .    (no shield)
rNeg    + . .      Spirit   .    k - +0 leather armour
rPois   ∞          Reflect  .    (no helmet)
rElec   +          Rampage  .    (no cloak)
rCorr   .                        (no gloves)
Will    .....                    (no boots)
Stlth   ++                       (no amulet)
HPRegen 0.23/turn                (no ring)
MPRegen 0.10/turn                (no ring)

@: no status effects
A: sickness immunity, AC +3, negative energy resistance 1, electricity
resistance, torment resistance 1, petrification resistance
a: no special abilities


You were on level 2 of the Dungeon.
You visited 1 branch of the dungeon, and saw 2 of its levels.

You collected 60 gold pieces.

Inventory:

Hand Weapons
 i - a +0 mace (weapon)
Armour
 a - a +0 robe
 k - a +0 leather armour (worn)
Scrolls
 c - 2 scrolls of teleportation {unknown}
 d - 2 scrolls of blinking {unknown}
 e - a scroll of fear {unknown}
 f - 2 scrolls of identify {unknown}
 h - a scroll of noise {unknown}
Potions
 b - a potion of magic
 g - a potion of cancellation {unknown}
 j - a potion of berserk rage {unknown}


   Skills:
 + Level 0.3 Fighting
 + Level 0.1 Maces & Flails
 * Level 0.6 Armour
 + Level 2.0 Dodging
 + Level 2.7 Stealth
 + Level 2.3 Spellcasting
 + Level 1.7 Conjurations
 + Level 3.2 Fire Magic


You had 5 spell levels left.
You knew the following spells:

 Your Spells              Type           Power      Damage    Failure   Level
a - Foxfire               Conj/Fire      40%        2x1d6     9%          1

Your spell library contained the following spells:

 Spells                   Type           Power      Damage    Failure   Level
 Scorch                   Fire           26%        2d6       10%         2
 Inner Flame              Hex/Fire       7%         N/A       36%         3
 Kindle Blastsparks       Fire/Tloc/Air  10%        2d10      43%         3
 Flame Wave               Conj/Fire      10%        2d6       65%         4


Dungeon Overview and Level Annotations

Branches:
Dungeon (2/15)

Altars:

Annotations:
D:2 Robin


Innate Abilities, Weirdness & Mutations

You are immune to sickness and miasma.
Your stone body is resilient. (AC +3)
You are immune to poison.
You resist negative energy. (rN+)
You are resistant to electric shocks. (rElec)
You are resistant to unholy torment.
You are immune to petrification.


Message History

The foxfire hits Robin but does no damage.
The foxfire hits Robin.
Robin is lightly wounded.
Your foxfire dissipates!
The foxfire hits Robin.
Robin is heavily wounded.
You conjure some foxfire!
The foxfire hits Robin but does no damage.
Robin is heavily wounded.
The foxfire hits Robin.
Robin is severely wounded.
Robin completely misses you.
You are out of magic!
Robin hits you but does no damage.
You closely miss Robin.
Robin is heavily wounded.
Robin hits you with a +0 trident. Robin misses you.
You hit Robin but do no damage.
Robin is heavily wounded.
Robin hits you with a +0 trident!
You hit Robin.
Robin is severely wounded.
Robin hits you with a +0 trident.
* * * LOW HITPOINT WARNING * * *
Robin hits you but does no damage.
You hit Robin.
Robin is almost dead.
Robin closely misses you.
You hit Robin but do no damage.
Robin is almost dead.
Robin barely misses you.
You barely miss Robin.
Robin is almost dead.
Robin misses you. Robin closely misses you.
You are too injured to fight recklessly!
You can't go down here!
Casting: Foxfire (safe; 9% risk of failure)
Confirm with . or Enter, or press ? or * to list all spells.
You conjure some foxfire!
Robin hits you with a +0 trident.
You die...

..# ##...######...).g..# ####
##.....## ###)######
#.......# #g# #####.##.##)#
##.###### #.....)..##†#
#.......# #.###.#####.#
#.##.##.# ####.###.......###
#S# ... #......###..v....#
#.# ##!
#.##.#.#...g@..#.###.#####.#
#.#.........v.†..))........#
#.#..#.#.#.###.#.####.######
#.#.........##.#.###...##
###......#.#.....>.##.....##
#.......##.##.##.###.......##
#.##....##.......##........>#
#.#.....##.......###.......##
#.#.....##.......# ##.....##


You could see Robin (ally target).

Vanquished Creatures
  An adder (D:2)
  3 dart slugs (D:1)
  4 ball pythons (D:1)
  A bat (D:1)
  4 endoplasms
  A giant cockroach (D:1)
  11 goblins
  3 hobgoblins
  A quokka (D:1)
  2 rats
31 creatures vanquished.

Vanquished Creatures (others)
  93 foxfires
93 creatures vanquished.

Grand Total: 124 creatures vanquished

Notes
Turn   | Place    | Note
-------+----------+-------------------------------------------
     0 | D:1      | Aequonox the Gargoyle Fire Elementalist began the quest for
                  | the Orb.
     0 | D:1      | Reached XP level 1. HP: 10/10 MP: 3/3
   166 | D:1      | Reached XP level 2. HP: 15/15 MP: 1/5
   495 | D:1      | Reached XP level 3. HP: 16/19 MP: 0/6
  1195 | D:2      | Noticed Robin
  1207 | D:2      | Slain by Robin

Illustrated notes

Levels and vault maps discovered:
D:1:      dpeg_arrival_fog, layout_rooms, chequers_arboretum
D:2:      layout_loops_cross, patterned_corridor, uniq_robin

Skill      XL: |  1  2  3 |
---------------+----------+-----
Dodging        | 2 |  2.0
Fighting       | |  0.3
Maces & Flails | |  0.1
Armour         | |  0.6
Stealth        | |  2.7
Spellcasting   | |  2.3
Conjurations   | |  1.7
Fire Magic     | |  3.2

Action                     || total
---------------------------++-------
  Melee: Unarmed           ||    10
         Mace              ||    24
   Cast: Foxfire           ||    51
 Armour: Robe              ||     4
         Leather armour    ||    12
  Dodge: Dodged            ||    28

Table legend: (Time is in decaauts)
 A = Elapsed time spent in this place.
 B = Non-inter-level travel time spent in this place.
 C = Inter-level travel time spent in this place.
 D = Time resting spent in this place.
 E = Time spent auto-exploring this place.
 F = Levels seen in this place.
 G = Mean time per level.
                   A        B        C        D        E       F      G
               +--------+--------+--------+--------+--------+-----+--------+
         Total |   1216 |   1120 |     96 |     43 |    855 |   2 |  608.0 |
       Dungeon |   1216 |   1120 |     96 |     43 |    855 |   2 |  608.0 |
               +--------+--------+--------+--------+--------+-----+--------+

Top non-repeatable levels by time:
     D:1: 874 daAuts
     D:2: 342 daAuts
